 Dungeon Crawl Stone Soup version 0.28.0-53-g5a82cb258f (webtiles) character file.

Game seed: 9758626536645375511

38045 sshlich the Eclecticist (level 13, -11/80 HPs)
             Began as a Deep Elf Conjurer on July 13, 2022.
             Was an Elder of Vehumet.
             Mangled by a two-headed ogre
             ... wielding a +0 giant club
              (25 damage)
             ... on level 11 of the Dungeon.
             The game lasted 01:16:02 (20871 turns).

sshlich the Eclecticist (Deep Elf Conjurer)        Turns: 20871, Time: 01:16:03

Health: -11/80     AC:  9    Str:  4    XL:     13   Next: 61%
Magic:  30/36      EV: 11    Int: 32    God:    Vehumet [****..]
Gold:   520        SH:  0    Dex: 13    Spells: 30/46 levels left

rFire   + . .      SeeInvis +   t - +2 short sword (venom)
rCold   . . .      Faith    .   (no shield)
rNeg    + + +      Spirit   .   p - +2 leather armour {rF+}
rPois   +          Reflect  .   c - +0 helmet
rElec   .          Harm     .   H - scarf {repulsion}
rCorr   .          Rampage  .   (no gloves)
Will    +++..                   b - +2 pair of boots
Stlth   ++........              N - amulet of Hablusch {RegenMP Fragile rN+++ Will++ SInv}
HPRegen 0.23/turn               m - ring "Tooduox" {rPois Int+3}
MPRegen 0.65/turn               (no ring)

@: repel missiles
A: no striking features
a: Renounce Religion


You were on level 11 of the Dungeon.
You worshipped Vehumet.
Vehumet was greatly pleased with you.
You visited 3 branches of the dungeon, and saw 18 of its levels.
You also visited: Sewer.

You collected 1300 gold pieces.
You spent 780 gold pieces at shops.

Inventory:

Hand Weapons
 t - a +2 short sword of venom (weapon)
Missiles
 D - a throwing net
Armour
 a - a +0 robe
 b - a +2 pair of boots (worn)
 c - a +0 helmet (worn)
 p - a +2 leather armour of fire resistance (worn)
 H - a scarf of repulsion (worn)
Jewellery
 d - an amulet of the acrobat
 i - a ring of ice
 m - the ring "Tooduox" (left hand) {rPois Int+3}
   (You found it on level 3 of the Dungeon)

   [ring of poison resistance]

   Int:       It affects your intelligence (+3).
   rPois:     It protects you from poison.
 G - a ring of protection from fire
 L - an amulet of faith
 N - the amulet of Hablusch (around neck) {RegenMP Fragile rN+++ Will++ SInv}
   (You bought it in a shop on level 2 of the Dungeon)

   [amulet of magic regeneration]

   It increases your rate of magic regeneration.
   rN:        It renders you almost immune to negative energy.
   SInv:      It lets you see invisible.
   Fragile:   It will be destroyed if unequipped.
   Will:      It greatly increases your willpower.
Wands
 o - a wand of iceblast (17)
 z - a wand of polymorph (29)
 F - a wand of mindburst (10)
 J - a wand of charming (2)
 K - a wand of paralysis (8)
 Q - a wand of flame (9)
Scrolls
 f - 3 scrolls of enchant weapon
 g - 2 scrolls of blinking
 h - 8 scrolls of teleportation
 j - 3 scrolls of fog
 l - 6 scrolls of identify
 n - a scroll of amnesia
 q - a scroll of fear
 y - 6 scrolls of enchant armour
 A - 7 scrolls of immolation
 I - 2 scrolls of magic mapping
 P - a scroll of summoning {unknown}
Potions
 e - 9 potions of curing
 k - 3 potions of ambrosia {unknown}
 r - 2 potions of degeneration
 s - 2 potions of mutation
 u - 5 potions of heal wounds
 v - 4 potions of invisibility
 w - a potion of haste {unknown}
 x - 2 potions of resistance
 B - 3 potions of berserk rage
 C - 3 potions of might
 E - a potion of brilliance {unknown}
 M - a potion of magic {unknown}
Miscellaneous
 O - a phantom mirror


   Skills:
 + Level 9.6 Fighting
 - Level 0.1 Armour
 - Level 2.4 Dodging
 - Level 2.4 Stealth
 + Level 17.3 Spellcasting
 * Level 15.2 Conjurations
 - Level 8.1 Air Magic
 - Level 4.3 Earth Magic


You had 30 spell levels left.
You knew the following spells:

 Your Spells              Type           Power      Damage    Failure   Level
a - Magic Dart            Conj           100%       1d8       0%          1
b - Searing Ray           Conj           100%       2d8       0%          2
c - Fulminant Prism       Conj/Hex       33%        3d16      1%          4
d - Stone Arrow           Conj/Erth      100%       3d13      1%          3
e - Conjure Ball Lightni  Conj/Air       40%        3x3d13    1%          6

Your spell library contained the following spells:

 Spells                   Type           Power      Damage    Failure   Level
 Irradiate                Conj/Tmut      33%        3d24      1%          5
 Sandblast                Erth           100%       2d20      1%          1
 Passwall                 Tmut/Erth      34%        N/A       1%          2
 Dazzling Flash           Conj/Hex       100%       N/A       1%          3
 Iskenderun's Mystic Bla  Conj/Tloc      66%        2d14      1%          4
 Animate Skeleton         Necr           54%        N/A       2%          1
 Apportation              Tloc           54%        N/A       2%          1
 Summon Small Mammal      Summ           100%       N/A       2%          1
 Frozen Ramparts          Ice            54%        1d7       2%          3
 Lee's Rapid Deconstruct  Erth           26%        3d15*     3%          5
 Confusing Touch          Hex            27%        N/A       8%          3
 Gell's Gravitas          Tloc           27%        N/A       8%          3
 Spider Form              Tmut/Pois      27%        N/A       8%          3
 Teleport Other           Tloc           27%        N/A       8%          3
 Leda's Liquefaction      Hex/Erth       20%        N/A       11%         4
 Yara's Violent Unravell  Hex/Tmut       13%        3d7       19%         5
 Ice Form                 Ice/Tmut       27%        N/A       26%         4
 Summon Ice Beast         Ice/Summ       27%        N/A       26%         4
 Alistair's Intoxication  Tmut/Pois      18%        N/A       58%         5
 Statue Form              Tmut/Erth      27%        N/A       86%         6
 Dispersal                Tloc           13%        N/A       99%         6
 Enfeeble                 Hex            13%        N/A       100%        7


Dungeon Overview and Level Annotations

Branches:
Dungeon (12/15)            Temple (1/1) D:6            Lair (5/6) D:10
 Shoals (0/4) Lair:3        Snake (0/4) Lair:4        Sewer (visited)
  Slime: Lair:5-6       Orc: D:9-12

Altars:
Ashenzari
Cheibriados
Dithmenos
Elyvilon
Fedhas
Hepliaklqana
Kikubaaqudgha
Makhleb
Nemelex Xobeh
Okawaru
Qazlal
Ru
Sif Muna
Trog
Uskayaw
Vehumet
Wu Jian
Xom
Yredelemnul
Zin
The Shining One

Shops:
D:2 *(==   D:5 *   D:6 =

Portals:
Trove: D:10 (give 16 scrolls of teleportation)

Annotations:
Lair:1 2 transporters, Poumetof's ghost, journeyman GrEE


Message History

You see here 3 large rocks.
A two-headed ogre comes into view. It is wielding two +0 giant clubs.
Casting: Stone Arrow (safe; 1% risk of failure)
Confirm with . or Enter, or press ? or * to list all spells.
Aiming: Stone Arrow (safe; 1% risk of failure)
Press: ? - help, Shift-Dir - straight line, f - two-headed ogre
Aim: a two-headed ogre, wielding two +0 giant clubs (wandering, hasn't noticed you, 89% to hit)
The stone arrow hits the two-headed ogre!!
The two-headed ogre is heavily wounded.
The two-headed ogre shouts in stereo!
Casting: Stone Arrow (safe; 1% risk of failure)
Confirm with . or Enter, or press ? or * to list all spells.
Aiming: Stone Arrow (safe; 1% risk of failure)
Press: ? - help, Shift-Dir - straight line, f/p - two-headed ogre
Aim: a two-headed ogre, wielding two +0 giant clubs (heavily wounded, 89% to hit)
The stone arrow misses the two-headed ogre.
Unknown command.
Casting: Stone Arrow (safe; 1% risk of failure)
Confirm with . or Enter, or press ? or * to list all spells.
Aiming: Stone Arrow (safe; 1% risk of failure)
Press: ? - help, Shift-Dir - straight line, f/p - two-headed ogre
Aim: a two-headed ogre, wielding two +0 giant clubs (heavily wounded, 89% to hit)
The stone arrow hits the two-headed ogre!
The two-headed ogre is severely wounded.
The two-headed ogre hits you with a +0 giant club!! x2
Casting: Stone Arrow (safe; 1% risk of failure)
Confirm with . or Enter, or press ? or * to list all spells.
Aiming: Stone Arrow (safe; 1% risk of failure)
Press: ? - help, Shift-Dir - straight line, f/p - two-headed ogre
Aim: a two-headed ogre, wielding two +0 giant clubs (severely wounded, 89% to hit)
The stone arrow hits the two-headed ogre!
The two-headed ogre is almost dead.
The two-headed ogre hits you with a +0 giant club!!
* * * LOW HITPOINT WARNING * * *
The two-headed ogre misses you.
As you read the scroll of fear, it crumbles to dust.
You assume a fearsome visage.
The two-headed ogre resists with some effort.
The two-headed ogre hits you with a +0 giant club!!
You die...

......##.........###
.#..######.........#
##################.##
.'.##[.#..#..#..'...#
##..##...##.##.###..#
#....##..#..#..#..###
#...#.##...##.##...#
.......##..#..#...##
#..#....##...###@.#
..#....#.##..#.O###
..##......#####..#
#####.#..#.##...##
.#..##)#....#...#
##.).##.#..#...##
#..#..##.......#
#.##...##....###
..#..#..##.#..#


You could see a two-headed ogre.

Vanquished Creatures
  Harold (D:8)
  A fire dragon (D:10)
  A boulder beetle (Lair:3)
  4 hydras
  A catoblepas (Lair:5)
  Erica (D:8)
  8 two-headed ogres
  A death drake (shapeshifter) (D:11)
  Pikel (D:8)
  A necromancer (D:10)
  An ugly thing (D:11)
  2 oklob plants (Lair:1)
  2 manticores
  A cyclops (D:11)
  4 black mambas
  A merfolk siren (Lair:3)
  Maggie (D:7)
  A torpor snail (Lair:3)
  2 unseen horrors (D:11)
  A gargoyle (D:11)
  11 cane toads
  5 komodo dragons
  A kobold demonologist (D:11)
  A polar bear (Lair:5)
  2 trolls
  7 blink frogs (Lair:5)
  2 wraiths (D:10)
  Sigmund (D:6)
  A wyvern (D:11)
  38 yaks
  3 basilisks
  Grum (D:8)
  2 steam dragons
  3 nagas (Lair:4)
  An acid dragon (D:11)
  9 water moccasins
  6 orc warriors
  A sky beast (D:6)
  3 black bears
  A necrophage (D:5)
  An ice beast (D:7)
  An ogre (D:6)
  17 wolves
  5 centaurs
  2 phantoms
  2 lemures (D:8)
  Blork the orc (D:5)
  7 kobold brigands
  7 bullfrogs
  2 scorpions
  A water moccasin skeleton (D:4)
  6 killer bees (D:9)
  3 howler monkeys
  9 wights
  An electric eel (D:10)
  A bullfrog zombie (D:7)
  2 centaur zombies
  3 jellies
  3 gnoll shamans
  7 orc priests
  5 iguanas
  Ijyb (D:3)
  4 hell rats (Lair:4)
  5 orc wizards
  2 polar bear simulacra (D:10)
  A howler monkey zombie (D:9)
  Robin (D:4)
  14 gnolls
  3 adders
  8 river rats (Sewer)
  A white imp (D:5)
  2 ufetubi
  An adder skeleton (D:4)
  2 worms
  2 dart slugs (D:1)
  25 orcs
  4 endoplasms
  3 giant cockroaches
  10 hobgoblins
  A quokka (D:4)
  9 ball pythons
  5 bats
  A frilled lizard (D:1)
  12 goblins
  24 kobolds
  23 rats
  2 river rat simulacra (D:10)
  2 fulminant prisms (D:11)
389 creatures vanquished.

Vanquished Creatures (collateral kills)
  7 ball lightnings
7 creatures vanquished.

Vanquished Creatures (others)
  93 ball lightnings
  A bush (Lair:3)
  70 fulminant prisms
  38 fungi
  63 plants
265 creatures vanquished.

Grand Total: 661 creatures vanquished

Notes
Turn   | Place    | Note
-------+----------+-------------------------------------------
     0 | D:1      | sshlich the Deep Elf Conjurer began the quest for the Orb.
     0 | D:1      | Reached XP level 1. HP: 10/10 MP: 6/6
    94 | D:1      | Found a faded altar of an unknown god.
   235 | D:1      | Reached XP level 2. HP: 16/16 MP: 0/8
   311 | D:1      | Learned a level 2 spell: Searing Ray
   969 | D:2      | Found Cegiusiz's Weapon Shoppe.
  1276 | D:2      | Found Ajoecim's Jewellery Boutique.
  1367 | D:2      | Found Jawekod's General Store.
  1442 | D:2      | Found Pithai's Jewellery Shoppe.
  1761 | D:3      | Reached XP level 3. HP: 20/20 MP: 6/10
  1765 | D:3      | Identified the ring "Tooduox" {rPois Int+3}
  1970 | D:3      | Reached skill level 4 in Spellcasting
  1970 | D:3      | Reached skill level 5 in Conjurations
  2013 | D:3      | Noticed a black bear
  2018 | D:3      | Killed a black bear
  2019 | D:3      | Reached skill level 1 in Fighting
  2019 | D:3      | Reached XP level 4. HP: 25/25 MP: 3/12
  2228 | D:3      | Reached skill level 5 in Spellcasting
  2303 | D:3      | Noticed Ijyb
  2320 | D:3      | Killed Ijyb
  2321 | D:3      | Reached XP level 5. HP: 13/29 MP: 6/14
  2841 | D:3      | Learned a level 3 spell: Dazzling Flash
  3012 | D:4      | Reached XP level 6. HP: 35/35 MP: 10/16
  3095 | D:4      | Reached skill level 6 in Spellcasting
  3197 | D:4      | Noticed Robin
  3203 | D:4      | Killed Robin
  3399 | D:4      | Found a snail-covered altar of Cheibriados.
  3406 | D:4      | Found a glowing drain.
  3415 | Sewer    | Entered a sewer
  3809 | Sewer    | Reached XP level 7. HP: 24/40 MP: 8/19
  4026 | Sewer    | Reached skill level 7 in Spellcasting
  4789 | D:4      | Noticed a yak
  4800 | D:5      | Entered Level 5 of the Dungeon
  4898 | D:4      | Reached skill level 8 in Spellcasting
  4983 | D:4      | Learned a level 4 spell: Fulminant Prism
  4983 | D:4      | Noticed a yak
  5114 | D:5      | Noticed Blork the orc
  5120 | D:5      | Killed Blork the orc
  5186 | D:5      | Found a white marble altar of Elyvilon.
  5241 | D:5      | Found a basalt altar of Yredelemnul.
  5282 | D:5      | Found a hide-covered altar of Uskayaw.
  5305 | D:5      | Found Tyixt's Gadget Gallery.
  5336 | D:5      | Reached XP level 8. HP: 28/46 MP: 5/22
  5529 | D:4      | Reached skill level 9 in Spellcasting
  6067 | D:5      | Got the Guide on Aerial Poisoning
  6324 | D:5      | Reached skill level 10 in Spellcasting
  6513 | D:6      | Found a broken altar of Ashenzari.
  6531 | D:6      | Found Seolad's Jewellery Shoppe.
  6534 | D:6      | Found a staircase to the Ecumenical Temple.
  6546 | Temple   | Entered the Ecumenical Temple
  6623 | Temple   | Became a worshipper of Vehumet
  6701 | D:6      | Reached XP level 9. HP: 52/52 MP: 8/25
  6808 | D:6      | Noticed Sigmund
  6812 | D:6      | Killed Sigmund
  7055 | D:6      | Found a sacrificial altar of Ru.
  7143 | D:6      | Identified the +6 chain mail of Ru's Anger {rPois}
  7274 | D:6      | Reached skill level 11 in Spellcasting
  7655 | D:7      | Reached skill level 10 in Conjurations
  7887 | D:7      | Noticed Maggie
  7901 | D:7      | Killed Maggie
  8285 | D:7      | Reached * piety under Vehumet
  8285 | D:7      | Offered knowledge of Foxfire by Vehumet.
  8562 | D:8      | Reached skill level 5 in Fighting
  8563 | D:8      | Noticed Harold
  8585 | D:8      | Killed Harold
  8586 | D:8      | Reached skill level 12 in Spellcasting
  8586 | D:8      | Reached XP level 10. HP: 8/59 MP: 3/28
  8854 | D:7      | Learned a level 3 spell: Stone Arrow
  9156 | D:8      | Noticed Pikel
  9165 | D:8      | Killed Pikel
  9166 | D:8      | Reached skill level 1 in Earth Magic
  9283 | D:8      | Noticed Erica
  9291 | D:8      | Killed Erica
  9385 | D:8      | Reached skill level 13 in Spellcasting
  9508 | D:8      | Noticed Grum
  9515 | D:8      | Killed Grum
  9604 | D:8      | Found an iron altar of Okawaru.
  9632 | D:8      | Found a blossoming altar of Fedhas.
  9647 | D:8      | Noticed a two-headed ogre
  9653 | D:8      | Killed a two-headed ogre
  9738 | D:8      | Learned a level 6 spell: Conjure Ball Lightning
  9784 | D:8      | You fall into a shaft and drop 1 floor!
  9907 | D:9      | Reached skill level 1 in Air Magic
 10229 | D:9      | Noticed a two-headed ogre
 10239 | D:9      | Killed a two-headed ogre
 10240 | D:9      | Reached XP level 11. HP: 64/64 MP: 19/30
 10356 | D:9      | Reached ** piety under Vehumet
 10356 | D:9      | Offered knowledge of Freeze by Vehumet.
 10475 | D:9      | Found a hazy altar of Hepliaklqana.
 10682 | D:9      | Found a glowing silver altar of Zin.
 10789 | D:10     | Entered Level 10 of the Dungeon
 10990 | D:10     | Noticed a fire dragon
 10991 | D:10     | Found a staircase to the Lair.
 11006 | D:10     | Killed a fire dragon
 11007 | D:10     | Reached skill level 14 in Spellcasting
 11248 | D:10     | Noticed a two-headed ogre
 11256 | D:10     | Killed a two-headed ogre
 11257 | D:10     | Reached skill level 5 in Air Magic
 11360 | D:10     | Found a portal to a secret trove of treasure.
 11523 | D:10     | Found a glowing golden altar of the Shining One.
 11552 | D:10     | Found an ornate altar of the Wu Jian Council.
 11586 | D:10     | Noticed a two-headed ogre
 11593 | D:10     | Killed a two-headed ogre
 11832 | D:10     | Noticed a necromancer
 11838 | D:10     | Killed a necromancer
 12104 | Lair:1   | Entered Level 1 of the Lair of Beasts
 12467 | Lair:1   | Noticed Poumetof's ghost (journeyman GrEE)
 12478 | Lair:1   | Found a transporter.
 12558 | Lair:1   | Offered knowledge of Poisonous Vapours by Vehumet.
 12579 | Lair:1   | Found a transporter.
 12667 | Lair:1   | Reached skill level 15 in Spellcasting
 12982 | Lair:1   | Reached XP level 12. HP: 51/72 MP: 4/33
 13266 | Lair:1   | Found a blossoming altar of Fedhas.
 13280 | Lair:1   | Reached *** piety under Vehumet
 13812 | D:2      | Bought the amulet of Hablusch {RegenMP Fragile rN+++ Will++
                  | SInv} for 780 gold pieces
 14088 | Lair:2   | Found a gate leading to a gauntlet.
 14425 | Lair:2   | Noticed a six-headed hydra
 14433 | Lair:2   | Killed a six-headed hydra
 14941 | Lair:3   | Offered knowledge of Airstrike by Vehumet.
 15035 | Lair:3   | Noticed a boulder beetle
 15370 | Lair:3   | Killed a boulder beetle
 15394 | Lair:3   | Reached skill level 16 in Spellcasting
 16129 | Lair:3   | Found a staircase to the Shoals.
 16475 | Lair:4   | Noticed a five-headed hydra
 16725 | Lair:4   | Killed a five-headed hydra
 17243 | Lair:4   | Reached **** piety under Vehumet
 17472 | Lair:4   | Found a staircase to the Snake Pit.
 17909 | Lair:5   | Noticed a seven-headed hydra
 17913 | Lair:5   | Killed a seven-headed hydra
 17914 | Lair:5   | Reached XP level 13. HP: 80/80 MP: 31/35
 18877 | Lair:5   | Offered knowledge of Irradiate by Vehumet.
 19670 | D:11     | Reached skill level 17 in Spellcasting
 19897 | D:11     | Reached skill level 15 in Conjurations
 20871 | D:11     | Mangled by a two-headed ogre

Illustrated notes

Levels and vault maps discovered:
D:1:      grunt_arrival_crossed_arrows, layout_rooms,
          shapermc_ecumenical_altar_flowoftime, minmay_strange_pillars
D:2:      layout_basic, serial_shops, nicolae_shop_trees, shop, shop, shop
D:3:      layout_loops_cross, uniq_ijyb
D:4:      layout_rooms, cheibriados_altar_1, cheibrodos_sewer_entry_drain,
          uniq_robin
D:5:      layout_cave_pools, kennysheep_ying_yang, mainiacjoe_overflow_paths,
          roderic_lattice_a, nicolae_shop_gadgets, uniq_blork_the_orc
D:6:      layout_cave_pools, mainiacjoe_overflow_boulevard,
          nicolae_ru_path_of_blood, minmay_temple_entry_gardened_gates,
          serial_shops, shop, uniq_sigmund
D:7:      layout_basic, uniq_maggie
D:8:      layout_basic, kennysheep_mini, mainiacjoe_overflow_two_lobes,
          interstate_on_off, uniq_pikel, uniq_erica, uniq_grum, uniq_psyche,
          uniq_harold
D:9:      layout_roguey, lemuel_round_altar, nicolae_hepliaklqana_hippocampus
D:10:     layout_basic, kennysheep_mini_moat, kennysheep_little_box,
          minmay_lair_entry_lava, serial_corexii_hall,
          chequers_hall_statues_corner_a, chequers_hall_statues_corner_a,
          nicolae_trove_entry_diagonal, eino_house_with_fridge
D:11:     minmay_razor_zed, layout_cave_pools, corexii_corridor_pit
D:12:     layout_roguey, erik_orc_3, hangedman_decor_riveting, uniq_nessos,
          uniq_sonja
Temple:   compressed_dpeg_triangle_lava_temple
Lair:1:   layout_cave_shapes, gammafunk_ghost_berserking_beasts,
          hangedman_tree_tricks
Lair:2:   layout_misc_corridors, gauntlet_entry_generic, columned_hall_lemuel,
          grunt_megastairs_1
Lair:3:   layout_loops_ring, minmay_shoals_entry_lonely_mermaid,
          beast_lair_carwin_7, lemuel_fruit_tree, serial_bayou_shore_a
Lair:4:   layout_regular_city, guppyfry_snake_entry_garden
Lair:5:   layout_gridlike

Skill      XL: |  1  2  3  4  5  6  7  8  9 10 11 12 13 |
---------------+----------------------------------------+-----
Spellcasting   | 4 5 6 8 10 12 13 15 16 17 | 17.3
Conjurations   | 5 6 7 9 11 13 15 | 15.2
Fighting       | 1 2 3 4 5 6 7 8 9 |  9.6
Earth Magic    | 4 |  4.3
Air Magic      | 2 7 8 |  8.1
Armour         | |  0.1
Dodging        | |  2.4
Stealth        | |  2.4

Action                   |  1- 3 |  4- 6 |  7- 9 | 10-12 | 13-15 || total
-------------------------+-------+-------+-------+-------+-------++-------
Melee: Unarmed           |     5 |       |       |       |       ||     5
       Short sword       |       |       |    10 |     3 |     1 ||    14
 Cast: Magic Dart        |    47 |    76 |   174 |   113 |    23 ||   433
       Searing Ray       |     4 |    16 |    38 |     2 |       ||    60
       Fulminant Prism   |       |       |    18 |    43 |    11 ||    72
       Stone Arrow       |       |       |       |   187 |    80 ||   267
       Conjure Ball Ligh |       |       |       |    24 |    18 ||    42
  Use: Potion            |       |     1 |       |     1 |       ||     2
       Scroll            |       |       |    11 |    13 |     2 ||    26
Armor: Robe              |     2 |       |       |       |       ||     2
       Leather armour    |       |     4 |    19 |    22 |     6 ||    51
Dodge: Dodged            |     7 |     7 |    39 |    24 |    15 ||    92
       Repelled          |       |       |       |     2 |     1 ||     3
